 Dungeon Crawl Stone Soup version 0.30-a0-371-gad7725a93e (webtiles) character file.

Game seed: 13069964289150868511

868 bande the Chopper (level 8, -1/48 HPs)
             Began as a Gargoyle Fighter on Nov 22, 2022.
             Killed from afar by a steam dragon (6 damage)
             ... with a ball of steam
             ... on level 6 of the Dungeon.
             The game lasted 00:07:14 (4827 turns).

bande the Chopper (Gargoyle Fighter)                Turns: 4827, Time: 00:07:15

Health: -1/48      AC: 18    Str: 20    XL:     8   Next: 3%
Magic:  0/8        EV:  7    Int:  9    God:
Gold:   278        SH:  5    Dex: 11    Spells: 7/7 levels left

rFire   . . .      SeeInvis .    a - +1 war axe (elec)
rCold   . . .      Faith    .    c - +0 buckler
rNeg    + . .      Spirit   +    l - +0 chain mail
rPois   ∞          Reflect  .    o - +0 helmet
rElec   +          Harm     .    f - +0 cloak
rCorr   .          Rampage  .    (no gloves)
Will    .....                    (no boots)
Stlth   ..........               r - amulet of guardian spirit
HPRegen 0.28/turn                (no ring)
MPRegen 0.11/turn                (no ring)

@: no status effects
A: sickness immunity, AC +5, negative energy resistance 1, electricity
resistance, torment resistance 1, petrification resistance
a: no special abilities


You were on level 6 of the Dungeon.
You visited 2 branches of the dungeon, and saw 7 of its levels.
You also visited: Sewer.

You collected 278 gold pieces.

Inventory:

Hand Weapons
 a - a +1 war axe of electrocution (weapon)
 s - a +0 war axe
 t - a +3 mace
Armour
 c - a +0 buckler (worn)
 f - a +0 cloak (worn)
 l - a +0 chain mail (worn)
 o - a +0 helmet (worn)
Jewellery
 q - a ring of wizardry
 r - an amulet of guardian spirit (around neck)
 u - an amulet of faith
Wands
 p - a wand of polymorph (3)
Scrolls
 e - a scroll of teleportation
 i - a scroll of fear
Potions
 d - 2 potions of might
 g - 4 potions of curing
 h - 4 potions of heal wounds
 j - 2 potions of mutation
 k - a potion of ambrosia
 m - a potion of haste
 n - a potion of berserk rage {unknown}


   Skills:
 + Level 4.9 Fighting
 + Level 5.9 Axes
 + Level 5.6 Armour
 + Level 4.4 Shields
 * Level 1.0 Evocations


You had 7 spell levels left.
You didn't know any spells.
Your spell library contained the following spells:

 Spells                   Type           Power      Damage    Failure   Level
 Ensorcelled Hibernation  Hex/Ice        0%         N/A       100%        2
 Passwall                 Tmut/Erth      0%         N/A       100%        2
 Wereblood                Tmut           0%         N/A       100%        2
 Gell's Gravitas          Tloc           0%         N/A       100%        3
 Lesser Beckoning         Tloc           0%         N/A       100%        3
 Swiftness                Air            0%         N/A       100%        3
 Teleport Other           Tloc           0%         N/A       100%        3
 Summon Hydra             Summ           0%         N/A       100%        7
 Sublimation of Blood     Necr           Unusable   N/A       N/A         2

Dungeon Overview and Level Annotations

Branches:
Dungeon (6/15)             Temple (1/1) D:4           Sewer (visited)

Altars:
Dithmenos
Elyvilon
Fedhas
Gozag
Hepliaklqana
Kikubaaqudgha
Makhleb
Nemelex Xobeh
Qazlal
Ru
Sif Muna
Uskayaw
Xom
Yredelemnul
Zin
The Shining One

Shops:
D:5 *


Innate Abilities, Weirdness & Mutations

You are immune to sickness and miasma.
Your stone body is resilient. (AC +5)
You are immune to poison.
You resist negative energy. (rN+)
You are resistant to electric shocks. (rElec)
You are resistant to unholy torment.
You are immune to petrification.


Message History

The gnoll bouda is engulfed in a cloud of scalding steam.
You closely miss the steam dragon.
The steam dragon is severely wounded.
You hit the gnoll bouda but do no damage.
Lightning courses through the gnoll bouda!
The gnoll bouda hits you but does no damage.
The steam dragon breathes steam at you. The ball of steam hits you!
The gnoll bouda hits you with a +0 club.
The steam dragon bites you. You block the steam dragon's attack.
You slash the gnoll bouda!
You kill the gnoll bouda!
You hit the steam dragon but do no damage.
Lightning courses through the steam dragon!
You are engulfed in a cloud of scalding steam.
The steam dragon bites you but does no damage.
The steam dragon barely misses you.
You completely miss the steam dragon.
The steam dragon is almost dead.
You are engulfed in a cloud of scalding steam.
The steam dragon bites you but does no damage.
The steam dragon barely misses you.
You hit the steam dragon but do no damage.
The steam dragon is almost dead.
You block the steam dragon's attack. x2
You closely miss the steam dragon.
The steam dragon is almost dead.
The gnoll hits you but does no damage.
A gnoll comes into view. It is wielding a +0 spear.
The steam dragon breathes steam at you. The ball of steam hits you!!
* * * LOW HITPOINT WARNING * * *
The gnoll barely misses you.
The steam dragon bites you but does no damage.
You block the steam dragon's attack.
The gnoll shouts!
Unknown command.
The steam dragon breathes steam at you. The ball of steam hits you.
You die...

#### ## ####.. .###.
#..... .....##.##.#
## ##...#.##g### ..
#. #...##..§##.#
#.###......§@g.#
#..#>..####D#.......
#....#.# #....##...
#.#.##.# #..#./. .
#.#.##.# #....##.
#.#....# #.#.## .#
#......####.#.# #
#...........#.#
##.....####


You could see a steam dragon (catching breath) and 2 gnolls.

Vanquished Creatures
  2 water moccasins
  A phantom (D:5)
  Blork the orc (D:4)
  2 scorpions
  A howler monkey (D:4)
  A gnoll bouda (D:6)
  2 hounds
  2 iguanas (D:4)
  An orc wizard (D:5)
  5 adders
  4 gnolls
  3 river rats (D:4)
  A white imp (D:5)
  2 dart slugs
  8 orcs
  5 bats
  5 endoplasms
  7 giant cockroaches
  4 goblins
  5 hobgoblins
  10 jackals
  3 kobolds
  3 quokkas
  7 ball pythons
  4 frilled lizards
  8 rats
  2 butterflies (D:3)
99 creatures vanquished.

Notes
Turn   | Place    | Note
-------+----------+-------------------------------------------
     0 | D:1      | bande the Gargoyle Fighter began the quest for the Orb.
     0 | D:1      | Reached XP level 1. HP: 14/14 MP: 1/1
    83 | D:1      | Reached XP level 2. HP: 19/19 MP: 2/2
   785 | D:2      | Reached XP level 3. HP: 24/24 MP: 3/3
   787 | D:2      | Identified the +0 sling "Arophiedd" {vorpal, rPois Will-
                  | rCorr SInv}
  1375 | D:2      | Found a burning altar of Makhleb.
  1554 | D:2      | Reached XP level 4. HP: 29/29 MP: 4/4
  2032 | D:3      | Found a shimmering altar of Xom.
  2224 | D:3      | Found a burning altar of Makhleb.
  2453 | D:4      | Reached XP level 5. HP: 33/33 MP: 5/5
  2462 | D:4      | Found a glowing drain.
  2497 | Sewer    | Entered a sewer
  2605 | Sewer    | Noticed a water moccasin
  2623 | Sewer    | Killed a water moccasin
  2624 | Sewer    | Reached XP level 6. HP: 26/38 MP: 6/6
  2929 | D:4      | Identified the +5 long sword "Jesyg" {vamp, rC+ Int+3
                  | Dex+3}
  3359 | D:4      | Found a staircase to the Ecumenical Temple.
  3383 | Temple   | Entered the Ecumenical Temple
  3666 | D:4      | Noticed Blork the orc
  3686 | D:4      | Killed Blork the orc
  3687 | D:4      | Reached XP level 7. HP: 18/44 MP: 4/7
  4032 | D:5      | Entered Level 5 of the Dungeon
  4032 | D:5      | Found Rinuo's General Store.
  4082 | D:5      | Reached skill level 5 in Axes
  4082 | D:5      | Reached skill level 5 in Armour
  4292 | D:5      | Identified the +1 leather armour of Ozoigik {Harm rElec
                  | Regen+}
  4733 | D:6      | Found a glowing golden altar of the Shining One.
  4789 | D:6      | Reached skill level 1 in Evocations
  4789 | D:6      | Reached XP level 8. HP: 48/48 MP: 8/8
  4827 | D:6      | Killed from afar by a steam dragon

Illustrated notes

Levels and vault maps discovered:
D:1:      heliophobic_arrival_henge, layout_loops_ring, serial_park_tiny_2
D:2:      minmay_skewed_foursquare, layout_basic, basic_altar,
          minmay_misc_feat_cross, minmay_misc_feat_doors
D:3:      layout_loops_ring, lightli_temple_of_fire, xom_butterflies
D:4:      layout_loops_cross, minmay_temple_entry_trees, portal_sewer_entry_b,
          uniq_blork_the_orc
D:5:      layout_loops_ring, nicolae_stop_n_shop_2
D:6:      layout_loops_ring, trog_butcher_becter, okawaru_altar_gauntlet_db,
          nicolae_tso_carved_into_rock, gammafunk_temple_overflow_statue,
          uniq_menkaure
Temple:   hellmonk_temple_forest_ring

Skill      XL: |  1  2  3  4  5  6  7 |
---------------+----------------------+-----
Axes           | 2 3 4 5 |  5.9
Armour         | 4 5 |  5.6
Fighting       | 4 |  4.9
Shields        | 4 |  4.4
Evocations     | 1 |  1.0

Action                   |  1- 3 |  4- 6 |  7- 9 || total
-------------------------+-------+-------+-------++-------
Melee: War axe           |    97 |   143 |    53 ||   293
  Use: Scroll            |       |    12 |     5 ||    17
Armor: Scale mail        |    49 |    10 |       ||    59
       Chain mail        |       |    91 |    43 ||   134
Dodge: Dodged            |    46 |    69 |    15 ||   130
Block: Buckler           |    14 |    45 |    13 ||    72

Table legend: (Time is in decaauts)
 A = Elapsed time spent in this place.
 B = Non-inter-level travel time spent in this place.
 C = Inter-level travel time spent in this place.
 D = Time resting spent in this place.
 E = Time spent auto-exploring this place.
 F = Levels seen in this place.
 G = Mean time per level.
                   A        B        C        D        E       F      G
               +--------+--------+--------+--------+--------+-----+--------+
         Total |   4946 |   4863 |     83 |    318 |   3493 |   8 |  618.2 |
       Dungeon |   4444 |   4375 |     69 |    172 |   3229 |   6 |  740.7 |
        Temple |    156 |    142 |     14 |      0 |    131 |   1 |  156.0 |
         Sewer |    344 |    344 |      0 |    146 |    132 |   1 |  344.0 |
               +--------+--------+--------+--------+--------+-----+--------+

Top non-repeatable levels by time:
     D:4: 1211 daAuts
     D:2: 932 daAuts
     D:1: 795 daAuts
     D:3: 696 daAuts
     D:5: 686 daAuts
   Sewer: 344 daAuts
  Temple: 156 daAuts
     D:6: 122 daAuts
